 Dungeon Crawl Stone Soup version 0.30-b1-2-g02819fbbbe (webtiles) character file.

Game seed: 14079593507647565352

18 Arzdou the Sneak (level 2, 15/15 HPs)
             Began as a Spriggan Brigand on June 2, 2023.
             Was a Follower of Zin.
             Quit the game on level 1 of the Dungeon.
             The game lasted 00:00:50 (286 turns).

Arzdou the Sneak (Spriggan Brigand)                  Turns: 286, Time: 00:00:50

Health: 15/15      AC:  3    Str:  7    XL:     2   Next: 48%
Magic:  3/3        EV: 17    Int: 12    God:    Zin [*.....]
Gold:   25         SH:  0    Dex: 16    Spells: 1/1 levels left

rFire   . . .        a - +2 dagger
rCold   . . .        (no shield)
rNeg    . . .        b - +0 robe
rPois   .            (helmet restricted)
rElec   .            c - +0 cloak
rCorr   .            (gloves unavailable)
SInv    +            (boots unavailable)
Will    .....        (no amulet)
Stlth   +++          (no ring)
HPRegen 0.22/turn    (no ring)
MPRegen 0.08/turn

%: no passive effects
@: very quick
A: very small, no large weapons, unfitting armour, see invisible, speed 3
a: Renounce Religion, Recite, Donate Gold


You were on level 1 of the Dungeon.
You worshipped Zin.
Zin was aware of your devotion.
You visited 1 branch of the dungeon, and saw 1 of its levels.

You collected 27 gold pieces.
You donated 2 gold pieces to Zin.

Inventory:

Hand Weapons
 a - a +2 dagger (weapon)
Missiles
 d - 9 poisoned darts (quivered)
 e - 3 curare-tipped darts
Armour
 b - a +0 robe (worn)
 c - a +0 cloak (worn)
Scrolls
 g - 2 scrolls of teleportation {unknown}
 h - a scroll of identify {unknown}
Potions
 f - a potion of curing {unknown}


   Skills:
 + Level 1.8 Fighting
 + Level 2.4 Short Blades
 + Level 2.2 Throwing
 + Level 2.0 Dodging
 + Level 6.1 Stealth


You had one spell level left.
You didn't know any spells.
Your spell library was empty.

Dungeon Overview and Level Annotations

Branches:
Dungeon (1/15)

Altars:
Zin


Innate Abilities, Weirdness & Mutations

You are very small and have problems with some larger weapons.
You are too small for most types of armour.
You have supernaturally acute eyesight. (SInv)
You cover ground extremely quickly. (Speed+++)


Message History

No target in view!
g - 2 scrolls labelled DOALUS OXOULI (gained 1)
A rat comes into view.
Found a faded altar of an unknown god.
You enter the shallow water.
Moving in this stuff is going to be slow.
The helpless rat fails to defend itself.
You impale the rat!!
You kill the rat!
Your Dodging skill increases to level 2!
No target in view!
No target in view!
No target in view!
No target in view!
No target in view!
No target in view!
No target in view!
No target in view!
No target in view!
No target in view!
No target in view!
No target in view!
No target in view!
No target in view!
A bat comes into view.
You enter the shallow water.
Moving in this stuff is going to be slow.
Why would you want to do that? The bat hits you but does no damage.
The bat hits you but does no damage. The bat closely misses you.
The bat closely misses you.
There is a faded altar of an unknown god here.
This altar belongs to (a) Zin, (b) Jiyva or (c) Fedhas, but you can't tell which.
Press the corresponding letter to learn more about a god, or press enter to convert or escape to cancel.
Zin accepts your prayer! Zin welcomes you!
You pay a tithe of 2 gold.
You can now donate money to Zin.
You can now recite Zin's Axioms of Law.
The bat misses you.
Are you sure you want to abandon this character and quit the game? (Confirm with "yes".)

############################
...........................#
##########.~~..~...~.~.#####
#.~†~...~.~...#
#..~~~~~≈~≈~..#
##########~.~≈≈≈~≈≈~~..#
............~~≈≈~~~~~~.#
............~≈≈~♣.≈≈~..#
.....†......~~≈~@.~~~~~#
....#.......≈≈≈♣♣.~~~~.#
#.#.........≈≈≈≈~≈≈≈~...#
..........^.~~≈≈≈≈≈≈≈...#
#.####......~≈~~≈≈~≈~~..#
#.# ###.~~....~~≈..≈..# ..#
#~.......~.~.~.# ###
.#####.######.. ###


There were no monsters in sight!

Vanquished Creatures
  A dart slug (D:1)
  2 bats (D:1)
  3 endoplasms (D:1)
  A goblin (D:1)
  A kobold (D:1)
  2 quokkas (D:1)
  2 ball pythons (D:1)
  A frilled lizard (D:1)
  A rat (D:1)
14 creatures vanquished.

Notes
Turn   | Place    | Note
-------+----------+-------------------------------------------
     0 | D:1      | Arzdou the Spriggan Brigand began the quest for the Orb.
     0 | D:1      | Reached XP level 1. HP: 10/10 MP: 2/2
   123 | D:1      | Reached skill level 6 in Stealth
   135 | D:1      | Reached XP level 2. HP: 14/15 MP: 3/3
   261 | D:1      | Found a faded altar of an unknown god.
   285 | D:1      | Prayed at the altar of an unknown god.
   285 | D:1      | Became a worshipper of Zin the Law-Giver
   285 | D:1      | Reached * piety under Zin
   286 | D:1      | Quit the game

Illustrated notes

Levels and vault maps discovered:
D:1:      eino_arrival_tree_alley, layout_rooms,
          chequers_ecumenical_altar_island

Skill      XL: |  1  2 |
---------------+-------+-----
Stealth        | 6 |  6.1
Dodging        | 2 |  2.0
Fighting       | |  1.8
Short Blades   | |  2.4
Throwing       | |  2.2

Action                     || total
---------------------------++-------
  Melee: Dagger            ||    50
         Punch             ||     1
   Stab: Sleeping          ||     4
 Armour: Robe              ||     6
  Dodge: Dodged            ||    33
